 Dungeon Crawl Stone Soup version 0.27-a0-1512-g99fd57bada (webtiles) character file.

Game seed: 9510841385614101091

77 Froggeryz the Chopper (level 4, -2/37 HPs)
             Began as a Palentonga Abyssal Knight on July 9, 2021.
             Was a Believer of Lugonu.
             Splashed by a jelly's acid (11 damage)
             ... on level 2 of the Dungeon.
             The game lasted 00:02:29 (1489 turns).

Froggeryz the Chopper (Palentonga Abyssal Knight)   Turns: 1489, Time: 00:02:29

Health: -2/37      AC:  0    Str: 16    XL:     4   Next: 14%
Magic:  5/5        EV:  8    Int: 12    God:    Lugonu [**....]
Gold:   94         SH:  0    Dex: 10    Spells: 3/3 levels left

rFire    + . .     SeeInvis +   a - +2 hand axe
rCold    . . .     Faith    .   (no shield)
rNeg     . . .     Spirit   .   c - +1 ring mail {rPois}
rPois    +         Reflect  .   h - +1 hat
rElec    .         Harm     .   (no cloak)
rCorr    .         Rampage  .   (no gloves)
Will     .....                  (no barding)
Stlth    ..........             (no amulet)
HPRegen  0.12/turn              f - ring of protection from fire
MPRegen  0.09/turn              (no ring)

@: corroded
A: large, rugged brown scales 3, see invisible, deformed body, roll 1, armoured
tail
a: Rolling Charge, Renounce Religion, Depart the Abyss, Bend Space


You were on level 2 of the Dungeon.
You worshipped Lugonu.
Lugonu was pleased with you.
You visited 1 branch of the dungeon, and saw 2 of its levels.
You visited the Abyss 1 time.

You collected 105 gold pieces.
You spent 11 gold pieces at shops.

Inventory:

Hand Weapons
 a - a +2 hand axe (weapon)
Missiles
 b - 4 javelins
 g - 8 poisoned darts
Armour
 c - a +1 ring mail of poison resistance (worn)
 h - a +1 hat (worn)
Jewellery
 f - a ring of protection from fire (left hand)
Potions
 d - a potion of curing
 e - a potion of ambrosia {unknown}


   Skills:
 - Level 3.0 Fighting
 * Level 4.4 Axes
 - Level 1.5 Armour
 - Level 0.7 Dodging
 - Level 2.0 Invocations


You had 3 spell levels left.
You didn't know any spells.
Your spell library was empty.

Dungeon Overview and Level Annotations

Branches:
Dungeon (2/15)

Altars:

Shops:
D:1 !


Innate Abilities, Weirdness & Mutations

You are completely covered in rugged brown scales. (AC +3, +7% HP)
You have supernaturally acute eyesight. (SInv)
Armour fits poorly on your strangely shaped body.
You can roll at nearby foes to attack.
You have a long armoured tail.


Message History

You hit the endoplasm but do no damage.
The endoplasm is severely wounded.
You hit the fungus. You hit the endoplasm.
You kill the endoplasm!
Lugonu accepts your kill.
You hit the jelly.
Your hands burn!
A nearby fungus withers and dies.
The endoplasm hits the fungus.
The endoplasm hits you but does no damage.
The endoplasm hits the fungus.
There is an open door here.
Things that are here:
a +0 dagger; a stone; a kobold corpse You hit the endoplasm.
The endoplasm is almost dead.
The endoplasm hits you but does no damage.
You aren't carrying any items that you can evoke.
It was a potion of curing.
You feel better.
A nearby fungus withers and dies.
The endoplasm freezes you.
You are frozen.
As you read the scroll labelled NIEBERGH PUAD, it crumbles to dust.
It is a scroll of enchant weapon.
Your +1 hand axe glows red for a moment.
The endoplasm freezes you.
You are frozen.
You slash the endoplasm!
You kill the endoplasm!
Lugonu accepts your kill.
You hit the jelly. The acid corrodes you!
Your hands burn!
The jelly is heavily wounded.
The jelly hits you.
You are splashed with acid!
You hit the jelly.
Your hands burn!
The jelly is heavily wounded.
The jelly barely misses you.
You hit the jelly but do no damage.
Your hands burn!
* * * LOW HITPOINT WARNING * * *
The jelly is heavily wounded.
The jelly hits you.
* * * LOW HITPOINT WARNING * * *
The acid corrodes you!
You are splashed with acid!
You die...

.......#
###############....
.......# ###########
#......
....###########.##.....?#
#......
....#####....#.#.#...P..#
#......
....#.##.....#.#.#..÷.÷.#
#......
......').....#'#.#JP....#
#......
......)).......#.#JJJ...#
#......
....#.'........#.#P....P#
#......
....#.##.......#@#J.....#
#.###<#
....#####......##JJJ...P#
#.# #.# ....#
##########J.....# #.# #.#
....# ######## #.###.#
+#... #...... #####.#
###########......
#................
#................


You could see a jelly and 3 endoplasms.

Vanquished Creatures
  2 adders (D:2)
  A worm (D:2)
  7 ball pythons
  6 endoplasms
  2 giant cockroaches
  3 goblins
  4 hobgoblins
  9 kobolds
  A quokka (D:2)
  6 bats
  2 frilled lizards
  12 rats
55 creatures vanquished.

Vanquished Creatures (others)
  6 fungi (D:2)
  7 toadstools (D:2)
13 creatures vanquished.

Grand Total: 68 creatures vanquished

Notes
Turn   | Place    | Note
-------+----------+-------------------------------------------
     0 | Abyss:1  | Froggeryz the Palentonga Abyssal Knight began the quest for
                  | the Orb.
     0 | Abyss:1  | Reached XP level 1. HP: 19/19 MP: 2/2
    42 | D:1      | Escaped the Abyss
    87 | D:1      | Reached XP level 2. HP: 25/25 MP: 3/3
   139 | D:1      | Reached skill level 3 in Axes
   385 | D:1      | Found Maedwo Tedi's Distillery.
   478 | D:1      | Reached ** piety under Lugonu
   642 | D:1      | Found a faded altar of an unknown god.
   748 | D:1      | Bought a potion of degeneration for 11 gold pieces
   776 | D:2      | Reached XP level 3. HP: 27/31 MP: 4/4
   984 | D:2      | Reached skill level 4 in Axes
  1298 | D:2      | Reached XP level 4. HP: 36/37 MP: 5/5
  1489 | D:2      | Splashed by a jelly's acid

Illustrated notes

Levels and vault maps discovered:
D:1:      mushboom_english_gardens, layout_loops_cross, serial_shops, shop,
          basic_ecumenical_altar, minmay_circled_x
D:2:      cheibrodos_fertilizer, layout_basic

Skill      XL: |  1  2  3 |
---------------+----------+-----
Axes           | 3 4 |  4.4
Fighting       | |  3.0
Armour         | |  1.5
Dodging        | |  0.7
Invocations    | |  2.0

Action                   |  1- 3 |  4- 6 || total
-------------------------+-------+-------++-------
Melee: Hand axe          |    95 |    15 ||   110
       Tailslap          |     6 |       ||     6
 Abil: Rolling Charge    |     7 |     1 ||     8
  Use: Scroll            |     1 |     1 ||     2
       Potion            |       |     1 ||     1
Armor: Ring mail         |    52 |     4 ||    56
Dodge: Dodged            |    42 |     5 ||    47

Table legend: (Time is in decaauts)
 A = Elapsed time spent in this place.
 B = Non-inter-level travel time spent in this place.
 C = Inter-level travel time spent in this place.
 D = Time resting spent in this place.
 E = Time spent auto-exploring this place.
 F = Levels seen in this place.
 G = Mean time per level.
                   A        B        C        D        E       F      G
               +--------+--------+--------+--------+--------+-----+--------+
         Total |   1500 |   1450 |     50 |      0 |   1158 |   3 |  500.0 |
       Dungeon |   1458 |   1408 |     50 |      0 |   1138 |   2 |  729.0 |
         Abyss |     42 |     42 |      0 |      0 |     20 |   1 |   42.0 |
               +--------+--------+--------+--------+--------+-----+--------+

Top non-repeatable levels by time:
     D:1: 730 daAuts
     D:2: 728 daAuts
 Abyss:1: 42 daAuts
